 Dungeon Crawl Stone Soup version 0.28-a0-119-ga52ba8600a (webtiles) character file.

Game seed: 17074497002448877661

654 Ezendos the Skirmisher (level 7, -4/52 HPs)
             Began as an Octopode Fighter on Aug 13, 2021.
             Slain by an ogre (19 damage)
             ... on level 3 of the Dungeon.
             The game lasted 00:06:28 (5382 turns).

Ezendos the Skirmisher (Octopode Fighter)           Turns: 5382, Time: 00:06:29

Health: -4/52      AC:  2    Str: 16    XL:     7   Next: 54%
Magic:  7/7        EV: 11    Int: 12    God:
Gold:   88         SH:  0    Dex: 11    Spells: 6/6 levels left

rFire   . . .      SeeInvis .   i - +1 dagger (venom)
rCold   . . .      Faith    .   b - +0 kite shield
rNeg    . . .      Spirit   .   m - +1 hat
rPois   .          Reflect  .   (no amulet)
rElec   .          Harm     .   (no ring)
rCorr   .          Rampage  .   (no ring)
Will    .....                   (no ring)
Stlth   ++........              (no ring)
HPRegen 0.17/turn               (no ring)
MPRegen 0.10/turn               (no ring)
                                (no ring)
                                (no ring)

@: confused, mighty, ambrosia-drunk
A: almost no armour, amphibious, 8 rings, camouflage 1, gelatinous body 1,
(nimble swimmer 1), tentacles
a: no special abilities


You were on level 3 of the Dungeon.
You visited 1 branch of the dungeon, and saw 4 of its levels.

You collected 88 gold pieces.

Inventory:

Hand Weapons
 a - a +0 long sword
 f - a +2 short sword of draining
 i - a +1 dagger of venom (weapon)
Armour
 b - a +0 kite shield (worn)
 m - a +1 hat (worn)
Jewellery
 e - a ring of protection from fire
Potions
 d - a potion of cancellation
 g - a potion of curing
 h - a potion of haste {unknown}
 o - a potion of degeneration {unknown}
 p - a potion of brilliance {unknown}


   Skills:
 * Level 6.1 Fighting
 + Level 4.2 Long Blades
 - Level 3.0 Dodging
 - Level 3.0 Stealth
 + Level 4.8 Shields


You had 6 spell levels left.
You didn't know any spells.
Your spell library was empty.

Dungeon Overview and Level Annotations

Branches:
Dungeon (4/15)
 Temple: D:4-7

Altars:

Annotations:
D:3 Grinder


Innate Abilities, Weirdness & Mutations

You cannot wear most types of armour.
You are amphibious.
You can wear up to eight rings at the same time.
Your skin changes colour to match your surroundings (Stealth+).
Your rubbery body absorbs attacks. (AC +1, EV +1)
((You are camouflaged near water. (Stealth+)))
You have tentacles for arms and can constrict up to eight enemies at once.


Message History

The ogre shouts!
Found a club.
You closely miss the adder.
The adder hisses angrily.
Your grab misses the adder. Your squeeze misses the adder.
The adder bites you. x2
You are poisoned.
The adder poisons you!
An adder comes into view.
You feel sick.
There is a stone staircase leading up here.
You feel sick. The adder closely misses you. You block the ogre's attack.
You climb upwards.
Level annotation: Grinder You feel sick.
There is a stone staircase leading down here.
As you read the scroll labelled LUMMIH JOOTZE, it crumbles to dust.
You hear a loud clanging noise!
It was a scroll of noise.
You feel sick.
You hear a shout!
You block the adder's attack.
You feel very mighty all of a sudden.
You feel sick.
You are no longer poisoned.
You block the adder's attack. You block the ogre's attack.
The adder barely misses you.
You puncture the adder!
The adder looks as sick as possible!
Your grab misses the adder. Your squeeze misses the adder.
The adder is severely wounded.
You kill the adder!
The ogre closely misses you.
Your shield prevents you from hitting the ogre.
You squeeze the ogre!
The ogre is heavily wounded.
The ogre hits you with a +0 giant club!!
Ouch! That really hurt!
* * * LOW HITPOINT WARNING * * *
You are confused.
You feel invigorated.
The ogre hits you with a +0 giant club!!
You die...

.....##.'#...#..##....####.##....
#####.###.....###....## #.##..##
.).##...............## #.##..#
##.........8......)## #.##..#
####..............# #.##..# ##
#####.....####.#######.##..#
.######.'#...#'.##.............#
.....#...#...#..O#.#############
.#####<.##...##.@### ##
#####...##### #####


You could see an ogre.

Vanquished Creatures
  A kobold brigand (D:3)
  2 howler monkeys (D:3)
  A hound (D:3)
  2 orc priests (D:3)
  2 orc wizards (D:3)
  Natasha (D:2)
  14 gnolls (D:3)
  10 adders
  A dart slug (D:2)
  19 orcs
  5 bats
  4 endoplasms
  2 giant cockroaches
  3 goblins
  3 hobgoblins
  15 jackals (D:3)
  9 kobolds
  A quokka (D:2)
  7 ball pythons
  5 frilled lizards
107 creatures vanquished.

Vanquished Creatures (others)
  A fungus (D:3)
1 creature vanquished.

Grand Total: 108 creatures vanquished

Notes
Turn   | Place    | Note
-------+----------+-------------------------------------------
     0 | D:1      | Ezendos the Octopode Fighter began the quest for the Orb.
     0 | D:1      | Reached XP level 1. HP: 16/16 MP: 1/1
    68 | D:1      | Reached skill level 1 in Stealth
   507 | D:1      | Reached XP level 2. HP: 20/21 MP: 2/2
  1142 | D:1      | Reached XP level 3. HP: 26/26 MP: 3/3
  1605 | D:2      | Found a faded altar of an unknown god.
  1661 | D:2      | Noticed Natasha
  1665 | D:2      | Killed Natasha
  1666 | D:2      | Reached XP level 4. HP: 18/33 MP: 4/4
  2470 | D:3      | Reached skill level 4 in Fighting
  2604 | D:3      | Reached XP level 5. HP: 37/37 MP: 5/5
  3117 | D:3      | Noticed a kobold brigand
  3616 | D:3      | Noticed Grinder
  3772 | D:3      | Reached XP level 6. HP: 45/45 MP: 6/6
  3854 | D:3      | Reached skill level 5 in Fighting
  4519 | D:3      | Reached XP level 7. HP: 23/51 MP: 7/7
  5062 | D:3      | Reached skill level 6 in Fighting
  5382 | D:3      | Slain by an ogre

Illustrated notes

Levels and vault maps discovered:
D:1:      matt_arrival_refuge, layout_basic, minmay_pentomino_w2
D:2:      layout_basic, basic_ecumenical_altar, serial_glass, glass_columns_c,
          glass_columns_b, kennysheep_generic_room_2, uniq_natasha
D:3:      lemuel_castle_with_subvaults [lemuel_castle_interior_carwin_2],
          layout_loops_ring, minivault_11, grunt_ministairs_6, uniq_grinder
D:4:      layout_rooms, lemuel_doored_altar, grunt_ministairs_1,
          minmay_liquid_box

Skill      XL: |  1  2  3  4  5  6  7 |
---------------+----------------------+-----
Stealth        | 2 3 |  3.0
Fighting       | 4 5 6 |  6.1
Long Blades    | 3 4 |  4.2
Shields        | 4 |  4.8
Dodging        | |  3.0

Action                   |  1- 3 |  4- 6 |  7- 9 || total
-------------------------+-------+-------+-------++-------
Melee: Long sword        |     9 |       |       ||     9
       Short sword       |    41 |    88 |       ||   129
       Constrict         |    10 |    39 |    14 ||    63
       Tentacles         |       |    36 |    12 ||    48
       Dagger            |       |    51 |    42 ||    93
  Use: Scroll            |       |     5 |     1 ||     6
       Potion            |       |     1 |     2 ||     3
 Stab: Sleeping          |    10 |     9 |     2 ||    21
Armor: Skin              |       |    12 |     2 ||    14
Dodge: Dodged            |    22 |    51 |    16 ||    89
Block: Kite shield       |    15 |    54 |    25 ||    94
       Rpst.: Long sword |     2 |       |       ||     2

Table legend: (Time is in decaauts)
 A = Elapsed time spent in this place.
 B = Non-inter-level travel time spent in this place.
 C = Inter-level travel time spent in this place.
 D = Time resting spent in this place.
 E = Time spent auto-exploring this place.
 F = Levels seen in this place.
 G = Mean time per level.
                   A        B        C        D        E       F      G
               +--------+--------+--------+--------+--------+-----+--------+
         Total |   5435 |   5267 |    168 |    986 |   3362 |   4 | 1358.8 |
       Dungeon |   5435 |   5267 |    168 |    986 |   3362 |   4 | 1358.8 |
               +--------+--------+--------+--------+--------+-----+--------+

Top non-repeatable levels by time:
     D:3: 3013 daAuts
     D:1: 1221 daAuts
     D:2: 1194 daAuts
     D:4: 5 daAuts
